 Dungeon Crawl Stone Soup version 0.25-a0-435-g4b9beb1024 (webtiles) character file.

Game seed: 15763495166447429952, levelgen mode: deterministic

14 Elellon the Conjurer (level 2, -6/15 HPs)
             Began as a Deep Elf Conjurer on Jan 29, 2020.
             Mangled by Sigmund
             ... wielding a cursed +0 scythe
              (9 damage)
             ... on level 2 of the Dungeon.
             The game lasted 00:00:48 (867 turns).

Elellon the Conjurer (Deep Elf Conjurer)             Turns: 867, Time: 00:00:49

Health: -6/15      AC:  2    Str:  5    XL:     2   Next: 31%
Magic:  4/8        EV: 13    Int: 19    God:
Gold:   65         SH:  0    Dex: 15    Spells: 5/8 levels left

rFire    . . .     SeeInvis .   (no weapon)
rCold    . . .     Gourm    .   (no shield)
rNeg     . . .     Faith    .   a - +0 robe
rPois    .         Spirit   .   (no helmet)
rElec    .         Reflect  .   (no cloak)
rCorr    .         Harm     .   (no gloves)
MR       .....                  (no boots)
Stlth    +.........             (no amulet)
HPRegen  0.05/turn              (no ring)
MPRegen  0.11/turn              (no ring)

@: confused, very slightly contaminated
A: no striking features
a: no special abilities


You were on level 2 of the Dungeon.
You were not hungry.

You visited 1 branch of the dungeon, and saw 2 of its levels.

You collected 65 gold pieces.

Inventory:

Armour
 a - a +0 robe (worn)
Scrolls
 g - a scroll of blinking {unknown}
 i - a scroll of immolation {unknown}
 n - a scroll of noise {unknown}
Potions
 b - a potion of flight {unknown}
 d - 3 potions of heal wounds {unknown}
 e - 2 potions of agility {unknown}
 f - a potion of mutation {unknown}
 h - 2 potions of degeneration {unknown}
 j - a potion of berserk rage {unknown}
 k - 2 potions of haste {unknown}
 l - a potion of lignification {unknown}
Comestibles
 c - 4 rations
 m - 4 chunks of flesh


   Skills:
 - Level 2.4 Dodging
 - Level 2.4 Stealth
 + Level 3.6 Spellcasting
 + Level 4.7 Conjurations


You had 5 spell levels left.
You knew the following spells:

 Your Spells              Type           Power        Failure   Level  Hunger
a - Magic Dart            Conj           ###.         1%          1    None
b - Searing Ray           Conj           ###...       3%          2    ##.....

Your spell library contained the following spells:

 Spells                   Type           Power        Failure   Level  Hunger
 Dazzling Flash           Conj/Hex       ##....       16%         3    ###....
 Fulminant Prism          Conj/Hex       ##........   47%         4    ####...
 Iskenderun's Mystic Bla  Conj/Tloc      ##......     47%         4    ####...


Dungeon Overview and Level Annotations

Branches:
Dungeon (2/15)

Altars:
Sif Muna

Annotations:
D:2 Sigmund


Message History

* * * LOW HITPOINT WARNING * * *
Casting: Magic Dart (safe; 1% risk of failure)
Confirm with . or Enter, or press ? or * to list all spells.
Aiming: Magic Dart (safe; 1% risk of failure)
Press: ? - help, Shift-Dir - straight line, f/p - Sigmund
Aim: Sigmund, wielding a +0 scythe and wearing a +0 robe (moderately wounded)
You miscast Magic Dart.
You are very lightly contaminated with residual magic.
Nothing appears to happen.
Sigmund points at you and mumbles some strange words.
You are confused.
You're too confused to cast spells.
You're too confused to cast spells.
You're too confused to cast spells.
You're too confused to cast spells.
Unknown command.
You bump into the rock wall.
Sigmund hits you from afar with a cursed +0 scythe!
Ouch! That really hurt!
You die...

#...##..##.#
######.
##....#.##.#
###.##.##.#
#.##.##.#
#.##.##.#
#.##.##.#
#.##....########
#.#####.........
#@# ##########
.(...@..#
#########


You could see Sigmund.

Vanquished Creatures
  3 giant cockroaches
  A goblin (D:1)
  2 hobgoblins (D:1)
  A quokka (D:2)
  2 bats (D:2)
  A frilled lizard (D:1)
  4 rats
14 creatures vanquished.

Notes
Turn   | Place    | Note
-------+----------+-------------------------------------------
     0 | D:1      | Elellon the Deep Elf Conjurer began the quest for the Orb.
     0 | D:1      | Reached XP level 1. HP: 10/10 MP: 6/6
   287 | D:1      | Reached XP level 2. HP: 15/15 MP: 6/8
   349 | D:1      | Learned a level 2 spell: Searing Ray
   844 | D:2      | Found a shimmering blue altar of Sif Muna.
   862 | D:2      | Noticed Sigmund
   867 | D:2      | Mangled by Sigmund

Levels and vault maps discovered:
D:1:      minmay_arrival_glassed_features, layout_basic
D:2:      layout_loops_ring, lemuel_blue_sif_altar, old_standard_altar,
          cheibriados_altar_1, uniq_natasha, uniq_sigmund,
          uniq_crazy_yiuf_cottage

Action                   || total
-------------------------++-------
 Cast: Magic Dart        ||    24
Armor: Robe              ||     1
Dodge: Dodged            ||     1

Table legend:
 A = Non-vault XP
 B = Vault XP
 C = Vault XP percentage of total XP
 D = Non-vault monster count
 E = Vault monster count
 F = Vault count percentage of total count
                 A         B        C        D         E       F
            +---------+---------+-------+---------+---------+-------
      Total |      21 |       0 |   0.0 |      14 |       0 |   0.0
            +---------+---------+-------+---------+---------+-------
        D:1 |      13 |       0 |   0.0 |       8 |       0 |   0.0
        D:2 |       8 |       0 |   0.0 |       6 |       0 |   0.0
            +---------+---------+-------+---------+---------+-------
